 Dungeon Crawl Stone Soup version 0.17.0 (webtiles) character file.

101 KINGKRU the Sneak (level 5, 0/32 HPs)
             Began as a Kobold Wanderer on Nov 19, 2015.
             Slain by a hobgoblin (1 damage)
             ... on level 3 of the Dungeon.
             The game lasted 00:14:04 (3230 turns).

KINGKRU the Sneak (Kobold Wanderer)                 Turns: 3230, Time: 00:14:04

Health: 0/32       AC:  3    Str: 14    XL:     5   Next: 4%
Magic:  5/5        EV: 16    Int: 10    God:
Gold:   125        SH:  0    Dex: 18    Spells: 0 memorised, 4 levels left

rFire  . . .     SeeInvis .     f - +1 dagger
rCold  . . .     Clarity  .     e - +1 robe
rNeg   . . .     SustAt   .     (shield restricted)
rPois  .         Gourm    .     (no helmet)
rElec  .         Spirit   .     (no cloak)
rCorr  .         Warding  .     (no gloves)
rMut   .         Stasis   .     (no boots)
MR     .....                    (no amulet)
Stlth  +++.......               (no ring)
                                (no ring)

@: mighty, flying, not resistant to hostile enchantments, fairly stealthy
A: carnivore 3
a: no special abilities


You were on level 3 of the Dungeon.
You were not hungry.

You visited 1 branch of the dungeon, and saw 3 of its levels.

You collected 125 gold pieces.

Inventory:

Hand Weapons
 a - a +1 dagger of protection
 d - a +1 dagger of holy wrath
 f - a +1 dagger (weapon)
Missiles
 j - 8 needles of confusion
 k - 17 poisoned needles
Armour
 e - a +1 robe (worn)
Scrolls
 b - a scroll of magic mapping
 n - a scroll of teleportation
Potions
 c - a potion of lignification
 h - a potion of flight
 m - a potion of curing
Comestibles
 g - 2 meat rations


   Skills:
 + Level 3.0 Fighting
 + Level 1.3 Short Blades
 + Level 1.1 Throwing
 + Level 1.5 Armour
 + Level 3.4 Dodging
 * Level 3.7 Stealth
 + Level 2.0 Unarmed Combat
   Level 1.2 Evocations


You had 4 spell levels left.
You didn't know any spells.

Dungeon Overview and Level Annotations

Branches:
Dungeon (3/15)

Altars:

Annotations:
D:2 Natasha, Terence
D:3 Senshi's ghost, amateur SpWr


Innate Abilities, Weirdness & Mutations

You are small and have problems with some larger weapons.
You are carnivorous and can eat meat at any time.


Message History

You punch the hobgoblin, but do no damage.
The hobgoblin is lightly wounded.
The hobgoblin hits you.
* * * LOW HITPOINT WARNING * * *
You closely miss the hobgoblin.
The hobgoblin is lightly wounded.
The hobgoblin closely misses you.
You barely miss the hobgoblin.
The hobgoblin is lightly wounded.
The hobgoblin hits you.
* * * LOW HITPOINT WARNING * * *
Drink which item? (? for menu, Esc to quit)
It was a potion of flight.
You feel very buoyant.
You fly up into the air.
The hobgoblin hits you.
* * * LOW HITPOINT WARNING * * *
Drink which item? (? for menu, Esc to quit)
You feel very mighty all of a sudden. The hobgoblin hits you.
You die...

##.## # #.#
### #.# #..
#.# #.# #.#
#.# #.# #.#
#.# #.#
...########.#
#.#
......g@....#
##.#
....#########
#... # ##.#
###


You could see a hobgoblin.

Vanquished Creatures
  3 adders
  An ooze (D:2)
  2 worms (D:3)
  4 giant geckos
  5 orcs (D:3)
  A ball python (D:1)
  4 giant cockroaches
  3 hobgoblins (D:1)
  9 kobolds
  A quokka (D:3)
  5 bats (D:1)
  2 giant newts (D:1)
  14 goblins
  2 rats (D:2)
56 creatures vanquished.

Notes
Turn   | Place    | Note
--------------------------------------------------------------
     0 | D:1      | KINGKRU the Kobold Wanderer began the quest for the Orb.
     0 | D:1      | KINGKRU set off with: a potion of haste, a scroll of fear, a potion of lignification, a potion of curing, a +0 robe, a +0 dagger, a meat ration
     0 | D:1      | Reached XP level 1. HP: 12/12 MP: 1/1
   342 | D:1      | Reached XP level 2. HP: 12/18 MP: 2/2
   634 | D:1      | Reached skill level 3 in Stealth
  1111 | D:1      | Reached XP level 3. HP: 17/22 MP: 3/3
  1758 | D:2      | Noticed Natasha
  1758 | D:2      | Noticed Terence
  1802 | D:2      | Reached XP level 4. HP: 27/27 MP: 4/4
  1820 | D:2      | Reached skill level 1 in Armour
  1876 | D:2      | Reached skill level 1 in Short Blades
  2418 | D:3      | Noticed Senshi's ghost (amateur SpWr)
  2428 | D:3      | HP: 1/27 [Senshi's ghost (5)]
  3203 | D:3      | Reached XP level 5. HP: 22/32 MP: 5/5
  3229 | D:3      | HP: 1/32 [hobgoblin (4)]
  3230 | D:3      | Slain by a hobgoblin

Action                   |  1- 3 |  4- 6 || total
-------------------------+-------+-------++-------
Melee: Dagger            |   167 |   163 ||   330
  Use: Scroll            |     7 |     5 ||    12
       Potion            |     1 |     3 ||     4
 Stab: Sleeping          |     1 |     3 ||     4
  Eat: Royal jelly       |     1 |       ||     1
       Pizza             |     1 |       ||     1
       Meat ration       |       |     1 ||     1
